 Dungeon Crawl Stone Soup version 0.30-a0-743-gbfdf073431 (webtiles) character file.

Game seed: 14540655739372859776

18 CoinPitGoblin the Shooter (level 2, -1/17 HPs)
             Began as a Kobold Hunter on Feb 5, 2023.
             Slain by Sigmund
             ... wielding a +0 scythe
              (12 damage)
             ... on level 2 of the Dungeon.
             The game lasted 00:01:36 (703 turns).

CoinPitGoblin the Shooter (Kobold Hunter)            Turns: 703, Time: 00:01:37

Health: -1/17      AC:  3    Str:  8    XL:     2   Next: 90%
Magic:  2/2        EV: 14    Int: 10    God:
Gold:   29         SH:  0    Dex: 18    Spells: 1/1 levels left

rFire   . . .      SeeInvis .    a - +0 shortbow
rCold   . . .      Faith    .    (shield currently unavailable)
rNeg    . . .      Spirit   .    c - +0 leather armour
rPois   .          Reflect  .    (no helmet)
rElec   .          Harm     .    (no cloak)
rCorr   .          Rampage  .    (no gloves)
Will    +....                    (no boots)
Stlth   +++                      (no amulet)
HPRegen 0.22/turn                g - ring of willpower
MPRegen 0.08/turn                (no ring)

@: no status effects
A: small, no large weapons, nightstalker 3
a: no special abilities


You were on level 2 of the Dungeon.
You visited 1 branch of the dungeon, and saw 2 of its levels.

You collected 29 gold pieces.

Inventory:

Hand Weapons
 a - a +0 shortbow (weapon)
Armour
 c - a +0 leather armour (worn)
Jewellery
 g - a ring of willpower (left hand)
Scrolls
 b - a scroll of immolation
Potions
 d - a potion of berserk rage {unknown}
 f - a potion of resistance
 i - a potion of heal wounds {unknown}


   Skills:
 + Level 2.2 Fighting
 + Level 6.2 Ranged Weapons
 + Level 2.5 Dodging
 - Level 1.3 Stealth


You had one spell level left.
You didn't know any spells.
Your spell library was empty.

Dungeon Overview and Level Annotations

Branches:
Dungeon (2/15)

Altars:

Annotations:
D:2 Sigmund


Innate Abilities, Weirdness & Mutations

You are small and have problems with some larger weapons.
You are completely attuned to the shadows.


Message History

The adder misses you. The adder closely misses you.
You shoot an arrow. The arrow completely misses the adder.
Something hits you but does no damage. The adder bites you.
A ball python comes into view.
The adder attacks as you move away! The adder bites you.
The adder bites you but does no damage.
You shoot an arrow. The arrow closely misses the adder.
You hear an angry hiss.
The adder bites you.
You are poisoned.
The adder poisons you! Something hits you.
It was a potion of curing.
You feel better. The adder bites you.
You are poisoned.
The adder poisons you! The adder completely misses you. Something hits you.
As you read the scroll labelled ZEMNEMMOBUE, it crumbles to dust.
It is a scroll of identify.
f - a potion of resistance You feel sick.
The ball python bites you. The ball python completely misses you.
The adder barely misses you.
You feel better.
The ball python misses you. x2; The adder barely misses you.
Something hits you. The ball python barely misses you.
The ball python grabs you. The ball python constricts you.
You escape the ball python's grasp.
A frilled lizard comes into view. x2
The adder barely misses you. The ball python bites you.
The ball python grabs you. The ball python constricts you.
The ball python misses you. The ball python constricts you.
You escape the ball python's grasp.
The adder bites you but does no damage. The adder attacks as you move away!
The adder closely misses you. The adder attacks as you move away!
The adder bites you. The adder misses you. The adder attacks as you move away!
The adder barely misses you. The adder barely misses you.
The adder attacks as you move away! The adder closely misses you.
The adder bites you.
There is a stone staircase leading up here.
The adder bites you but does no damage. Something hits you!
Ouch! That really hurt!
You die...

#.#.#.#.#.#.#
.#...#...#..#
.#.#.#.#.#.
###.##### #.#
#S#
.####.####
....S...†.
....@.####
#######


You could see an adder and a ball python.

Vanquished Creatures
  5 endoplasms (D:1)
  2 goblins (D:1)
  A hobgoblin (D:1)
  A quokka (D:1)
  3 ball pythons (D:1)
  2 bats (D:1)
  A frilled lizard (D:2)
  2 rats (D:1)
17 creatures vanquished.

Notes
Turn   | Place    | Note
-------+----------+-------------------------------------------
     0 | D:1      | CoinPitGoblin the Kobold Hunter began the quest for the
                  | Orb.
     0 | D:1      | Reached XP level 1. HP: 12/12 MP: 1/1
    75 | D:1      | Reached XP level 2. HP: 11/17 MP: 2/2
   194 | D:1      | Found a faded altar of an unknown god.
   233 | D:1      | Reached skill level 6 in Ranged Weapons
   676 | D:2      | Noticed Sigmund
   703 | D:2      | Slain by Sigmund

Illustrated notes

Levels and vault maps discovered:
D:1:      nzn_arrival_depleted_hourglass, layout_rooms,
          hellmonk_ecumenical_altar_slurped_away, minmay_misc_feat_room
D:2:      layout_loops_ring, basic_altar, minmay_misc_feat_rows,
          grunt_decor_mini_mirrors, kennysheep_crisscross, st_stairs_7,
          nicolae_concentric_dashed_squares_wild, uniq_sigmund

Skill      XL: |  1  2 |
---------------+-------+-----
Ranged Weapons | 6 |  6.2
Fighting       | |  2.2
Dodging        | |  2.5
Stealth        | |  1.3

Action                     || total
---------------------------++-------
   Fire: Shortbow          ||    42
    Use: Potion            ||     2
         Scroll            ||     1
 Armour: Leather armour    ||     7
  Dodge: Dodged            ||    24

Table legend: (Time is in decaauts)
 A = Elapsed time spent in this place.
 B = Non-inter-level travel time spent in this place.
 C = Inter-level travel time spent in this place.
 D = Time resting spent in this place.
 E = Time spent auto-exploring this place.
 F = Levels seen in this place.
 G = Mean time per level.
                   A        B        C        D        E       F      G
               +--------+--------+--------+--------+--------+-----+--------+
         Total |    712 |    625 |     87 |      0 |    515 |   2 |  356.0 |
       Dungeon |    712 |    625 |     87 |      0 |    515 |   2 |  356.0 |
               +--------+--------+--------+--------+--------+-----+--------+

Top non-repeatable levels by time:
     D:1: 663 daAuts
     D:2: 49 daAuts
